Cogmind - Beta 17 @@@ ROGUE MODE // 2026.07.29 @ 17:08:03 Player: Afro Result: Destroyed by G-34 Mercenary with Small Laser Performance ------------- Evolutions (0) 0 Regions Visited (4) 800 Robots Destroyed (29) 145 Value Destroyed (451) 451 Prototype IDs (31) 620 Alien Tech Used (0) 0 Bonus (300) 300 TOTAL SCORE: 2316 Bonus ------- Aligned with FarCom 300 Cogmind --------- Core Integrity 0/250 Matter 188/300 Energy 104/125 System Corruption 12% Temperature Warm (176) Movement Core (450) Ox8 Location -9/Mines Parts ------- > --- POWER (1) -------- Light Ion Engine > --- PROPULSION (2) --- (None) > --- UTILITY (2) ------ Large Storage Unit > --- WEAPON (2) ------- EM Shotgun > --- INVENTORY (15) --- Ion Engine Light Ion Engine Light Treads Improved Treads Improved Treads Improved Treads Heat Sink Large Storage Unit Targeting Computer Light Armor Plating EM Shotgun Mini Grenade Launcher Datajack Heavy Hammer Longsword +1 Peak State ------------ > --- POWER ------------ Ion Engine > --- PROPULSION ------- Light Treads Improved Treads > --- UTILITY ---------- Large Storage Unit Signal Interpreter > --- WEAPON ----------- EM Shotgun Longsword +1 > --- INVENTORY -------- Ion Engine Light Ion Engine Light Treads Improved Treads Improved Treads Improved Treads Heat Sink Large Storage Unit Targeting Computer Light Armor Plating EM Shotgun EM Shotgun EM Shotgun Mini Grenade Launcher Datajack [Rating: 18] Favorites ----------- Power Ion Engine Engine Ion Engine Propulsion Light Treads Treads Light Treads Utility Large Storage Unit Device Seismic Detector Storage Large Storage Unit Processor Signal Interpreter Protection Light Armor Plating Weapon EM Shotgun Energy Gun EM Shotgun Ballistic Gun Assault Rifle Launcher Grenade Launcher Impact Weapon Heavy Hammer Slashing Weapon Longsword +1 Special Melee Weapon Datajack Build | -11 -10 -10 -10 -9 ------- Run | Yrd Mat Min Exi Min Slots Evolved . | . . . . . Power . | . . . . . Propulsion . | . . . . . Utility . | . . . . . Weapon . | . . . . . Parts Attached 27 | 7 13 1 3 3 Power 3 | 1 1 . . 1 Engine 3 | 1 1 . . 1 Core . | . . . . . Reactor . | . . . . . Propulsion 5 | 2 3 . . . Treads 5 | 2 3 . . . Leg . | . . . . . Wheel . | . . . . . Hover . | . . . . . Flight . | . . . . . Utility 7 | 2 5 . . . Device 3 | 1 2 . . . Storage 2 | 1 1 . . . Processor 1 | . 1 . . . Hackware . | . . . . . Protection 1 | . 1 . . . Artifact . | . . . . . Weapon 12 | 2 4 1 3 2 Energy Gun 6 | 1 3 . 2 . Energy Cannon . | . . . . . Ballistic Gun 1 | 1 . . . . Ballistic Cannon . | . . . . . Launcher 2 | . 1 . . 1 Special Weapon . | . . . . . Impact Weapon 1 | . . . . 1 Slashing Weapon 1 | . . . 1 . Piercing Weapon . | . . . . . Special Melee Weapon 1 | . . 1 . . Unidentified Prototypes . | . . . . . Parts Lost 4 | . . . . 4 Power . | . . . . . Propulsion 2 | . . . . 2 Utility 1 | . . . . 1 Weapon 1 | . . . . 1 Highest Loss Streak 4 | . . . . 4 To Critical Strikes . | . . . . . Average Backups 12 | 3 9 14 15 15 Power 1 | 1 1 2 2 2 Propulsion 3 | 1 2 3 4 4 Utility 2 | . 1 4 4 4 Weapon 3 | . 2 3 4 4 Tool/Special . | . . . . . Unused Backups 17 | . 6 3 . 8 Power 3 | . 1 . . 2 Propulsion 7 | . 3 1 . 3 Utility 5 | . . 2 . 3 Weapon 1 | . 1 . . . Tool/Special 1 | . 1 . . . Average Slot Usage (%) 98 | . 99 100 96 96 Engine 14 | . 14 14 14 14 Treads 27 | . 28 28 28 26 Device 4 | . 10 . . . Storage 14 | . 14 14 14 14 Processor 8 | . . 14 14 13 Energy Gun 16 | . 22 27 . 24 Ballistic Gun 2 | . 4 . . . Slashing Weapon 3 | . . . 10 1 Special Melee Weapon 4 | . . . 13 . Peak Build Rating 18 | 9 12 12 18 18 Average Rating 12 | 4 10 11 15 12 On Entrance 9 | . 9 11 9 17 Avg Prop Armor Cover (%) . | . . . . . Naked Turns . | . . . . . Heaviest Build 34 | 15 34 31 31 31 Greatest Support 46 | 40 46 43 43 43 Greatest Overweight (x) 9 | . . . . 9 Average Overweight (x) . | . . . . . Largest Inventory Capacity 15 | 8 15 15 15 15 Average Capacity 13 | 7 11 15 15 15 Most Carried 15 | 8 13 15 15 15 Average Carried 12 | 4 9 14 15 15 Final Capacity 15 | 8 15 15 15 15 Final Carried 15 | 6 12 15 15 15 Class Distribution -------------------- 100% | Mutant Dominant Class ---------------- Mutant | -10/Materials Mutant | -10/Mines Mutant | -10/Exiles Mutant | -9/Mines Resources | -11 -10 -10 -10 -9 ----------- Run | Yrd Mat Min Exi Min Matter Collected 694 | 269 324 21 . 80 Remotely . | . . . . . Salvage Created 596 | 86 426 12 . 72 Parts 52 | 6 35 3 . 8 Haulers Intercepted 1 | . 1 . . . Recyclers Shooed 1 | . 1 . . . Parts Field Recycled . | . . . . . Retrieved Matter . | . . . . . Parts Self-Destructed . | . . . . . Prevented . | . . . . . Parts Restored . | . . . . . Kills | -11 -10 -10 -10 -9 ------- Run | Yrd Mat Min Exi Min Combat Hostiles Destroyed 19 | . 14 . . 5 Guns 9 | . 7 . . 2 AOE 10 | . 7 . . 3 Classes Destroyed 7 | 2 5 . . . Worker 1 | . 1 . . . Tunneler 3 | 1 1 1 . . Hauler 1 | . 1 . . . Recycler 2 | 1 1 . . . Operator 3 | . 3 . . . Swarmer 13 | . 9 . . 4 Grunt 6 | . 5 . . 1 Best Kill Streak 5 | 2 5 1 . 4 Combat Bots Only 5 | . 5 . . 4 Max Kills in Single Turn 3 | 1 3 1 . 3 Gunslinging . | . . . . . Exploded 3 | . 3 . . 3 Melee . | . . . . . Uniques/NPCs Destroyed . | . . . . . Combat | -11 -10 -10 -10 -9 -------- Run | Yrd Mat Min Exi Min Hostile Shots Fired 76 | . 42 . . 34 Missed 15 | . 8 . . 7 Hits 61 | . 34 . . 27 Projectile 61 | . 34 . . 27 Damage Taken 1106 | . 433 . . 673 Core 258 | . 70 . . 188 Absorbed by Shields . | . . . . . Regen/Repaired (Parts) 11 | . 11 . . . Core Remaining (%) 100 | 100 . . . . Volleys Fired 38 | 3 25 . . 10 Largest 2 | 2 2 . . 2 Hottest 90 | 60 90 . . 90 Shots Fired 73 | 6 51 . 1 15 Gun 67 | 6 46 . 1 14 Cannon . | . . . . . Launcher 6 | . 5 . . 1 Special . | . . . . . Kinetic 18 | 3 15 . . . Thermal . | . . . . . Explosive 6 | . 5 . . 1 Electromagnetic 49 | 3 31 . 1 14 Robot Hit Streak 9 | 4 9 . . 8 Robot Miss Streak 5 | 1 5 . . 4 Penetration Max . | . . . . . Secondary Targets 1 | . . . . 1 Max Gunslinging Chain 1 | . . . . 1 Shots Hit Robots 51 | 5 32 . 2 12 Core Hits 44 | 3 30 1 . 10 Critical Kills . | . . . . . Critical Parts Destroyed . | . . . . . Critical Strikes . | . . . . . Melee Attacks 13 | . . . 2 11 Impact 4 | . . . . 4 Slashing 7 | . . . . 7 Piercing . | . . . . . Sneak Attacks 2 | . . . 2 . Combat Hostiles . | . . . . . Follow-up Attacks . | . . . . . Damage Inflicted 1490 | 62 1010 17 . 401 Guns 621 | 62 424 . . 135 Cannons . | . . . . . Explosions 820 | . 555 . . 265 Melee . | . . . . . Ramming 49 | . 31 17 . 1 Kinetic 123 | 34 89 . . . Thermal 114 | . 24 . . 90 Explosive 706 | . 531 . . 175 Electromagnetic 498 | 28 335 . . 135 Impact . | . . . . . Slashing . | . . . . . Piercing . | . . . . . Highest Corruption 12 | . 3 3 3 12 Average Corruption 2 | . 2 3 3 3 Corruption Purged . | . . . . . Corruption Blocked . | . . . . . Effects 48 | . 18 7 16 7 Message Errors 14 | . 5 3 4 2 Matter Fused 13 | . 6 2 3 2 Heat Flow Errors 4 | . . 2 1 1 Energy Discharges 5 | . 1 . 4 . Parts Fused 2 | . 1 . 1 . Data Loss (minor) 4 | . 1 . 1 2 Data Loss (major) 1 | . 1 . . . Misfires 2 | . 1 . 1 . Alerts 3 | . 2 . 1 . Overload Shots . | . . . . . Overflow Damage 12 | . 12 . . . Projectiles . | . . . . . Explosions 12 | . 12 . . . Melee . | . . . . . Knockbacks . | . . . . . Impact . | . . . . . Kinetic . | . . . . . Secondary . | . . . . . Self-Inflicted Damage 101 | . 75 . . 26 Shots 5 | . 4 . . 1 Rammed 8 | . 3 4 . 1 Targets Rammed 10 | . 5 4 . 1 Kicked . | . . . . . Crushed 2 | . 2 . . . Highest Temperature 199 | . 104 89 84 199 Average Temperature 50 | . 28 50 35 96 Received Heat Transfer 189 | . 66 . . 123 Siege Activations . | . . . . . Martial Activations . | . . . . . Shielding Activations . | . . . . . Robots Disrupted . | . . . . . Combat Hostiles . | . . . . . Robots Corrupted . | . . . . . Combat Hostiles . | . . . . . Parts Fried 2 | . 2 . . . Impact Corruptions . | . . . . . Robots Melted . | . . . . . Combat Hostiles . | . . . . . Parts Melted 1 | . 1 . . . Heat Transferred 200 | . 50 . . 150 Parts Sabotaged . | . . . . . Parts Stolen . | . . . . . Parts Stripped . | . . . . . Power Chain Reactions 2 | . 1 . . 1 Alert | -11 -10 -10 -10 -9 ------- Run | Yrd Mat Min Exi Min Maximum Alert Level 1 | . 1 . . . Low Security (%) 95 | 100 92 100 . 100 Level 1 4 | . 7 . . . Level 2 . | . . . . . Level 3 . | . . . . . Level 4 . | . . . . . Level 5 . | . . . . . High Security . | . . . . . Max Security . | . . . . . Peak Influence 230 | 5 230 20 . 97 Initial 20 | . . 20 . . Average 69 | . 105 1 . 24 Influence Increases 623 | 10 475 5 . 133 Destroy 0b10 Robot/C 380 | . 280 . . 100 Destroy 0b10 Robot/NC 50 | 10 35 5 . . Destroy Leader 92 | . 72 . . 20 Successful Hack 8 | . 8 . . . Disable Machine 30 | . 30 . . . Destroy Structure 48 | . 35 . . 13 Lose Combat Pursuer 15 | . 15 . . . Influence Decreases 600 | 10 422 58 . 110 Entered New Map 33 | . . 33 . . Time Decay 557 | 10 422 25 . 100 Lost Part 10 | . . . . 10 Squads Dispatched 4 | . 4 . . . Investigation 1 | . 1 . . . Extermination . | . . . . . Reinforcement 3 | . 3 . . . Assault . | . . . . . Garrison . | . . . . . Intercept . | . . . . . Searches Triggered . | . . . . . Construction Impeded . | . . . . . Haulers Reinforced . | . . . . . Active Scanning Responses . | . . . . . Cargo Convoy Interrupts . | . . . . . Stealth | -11 -10 -10 -10 -9 --------- Run | Yrd Mat Min Exi Min Distress Signals 2 | . 2 . . . Communications Jammed . | . . . . . Distress Signals . | . . . . . Times Spotted 31 | . 23 1 . 7 Peak Tracking Total 5 | . 5 1 . 4 Tactical Retreats 1 | . 1 . . . Traps | -11 -10 -10 -10 -9 ------- Run | Yrd Mat Min Exi Min Traps Triggered 4 | . 4 . . . Indirectly . | . . . . . Trap Hack Attempts . | . . . . . Triggered . | . . . . . Disarmed . | . . . . . Reprogrammed . | . . . . . Reused . | . . . . . Traps Extracted . | . . . . . Installed . | . . . . . Triggered . | . . . . . Machines | -11 -10 -10 -10 -9 ---------- Run | Yrd Mat Min Exi Min Machines Disabled 2 | . 2 . . . Max in Single Turn 1 | . 1 . . . Machines Repaired . | . . . . . Machines Dismantled . | . . . . . Machines Sabotaged . | . . . . . Overloaded Fab Kills . | . . . . . Hacking | -11 -10 -10 -10 -9 --------- Run | Yrd Mat Min Exi Min Machines Accessed 7 | . 5 . 2 . Terminals 3 | . 3 . . . Fabricators . | . . . . . Repair Stations 1 | . 1 . . . Recycling Units 1 | . 1 . . . Scanalyzers . | . . . . . Garrison Access . | . . . . . Total Hacks 34 | . 10 . 24 . Successful 30 | . 6 . 24 . Failed 4 | . 4 . . . Catastrophic 2 | . 2 . . . Database Lockouts . | . . . . . Manual 7 | . 6 . 1 . Terminals 5 | . 5 . . . Fabricators . | . . . . . Repair Stations 3 | . 3 . . . Recycling Units 2 | . 2 . . . Scanalyzers . | . . . . . Garrison Access . | . . . . . Terminal Hacks 24 | . . . 24 . Record 23 | . . . 23 . Proto ID Catalog 1 | . . . 1 . Fabricator Hacks . | . . . . . Repair Station Hacks 2 | . 2 . . . Scan Component 1 | . 1 . . . Repair 1 | . 1 . . . Recycling Unit Hacks 2 | . 2 . . . Report Inventory 2 | . 2 . . . Scanalyzer . | . . . . . Garrison Access Hacks . | . . . . . Unauthorized Hacks 2 | . 2 . . . Terminals 2 | . 2 . . . Botnet 1 | . 1 . . . Operators 1 | . 1 . . . Fabricators . | . . . . . Repair Stations . | . . . . . Recycling Units . | . . . . . Scanalyzers . | . . . . . Garrison Access . | . . . . . Data Cores Recovered . | . . . . . Used . | . . . . . Hacking Detections 3 | . 3 . . . Full Trace Events 1 | . 1 . . . Feedback Events . | . . . . . Feedback Blocked . | . . . . . Robot Schematics Acquired . | . . . . . Robots Built . | . . . . . Authchips . | . . . . . Time . | . . . . . Total Robot Build Rating . | . . . . . Part Schematics Acquired . | . . . . . Parts Built . | . . . . . Authchips . | . . . . . Time . | . . . . . Total Part Build Rating . | . . . . . Part Studies Acquired . | . . . . . Parts Repaired 1 | . 1 . . . Time 26 | . 26 . . . Parts Recycled . | . . . . . Recycled Matter . | . . . . . Retrieved Matter . | . . . . . Retrieved Components . | . . . . . Parts Scanalyzed . | . . . . . Part Schematics Acquired . | . . . . . Parts Damaged . | . . . . . Bothacking | -11 -10 -10 -10 -9 ------------ Run | Yrd Mat Min Exi Min Used RIF Installer . | . . . . . Robots Hacked 1 | . . . 1 . Non-combat . | . . . . . Combat 1 | . . . 1 . Robot Hacks Applied 1 | . . . 1 . parse_system 1 | . . . 1 . Relay Couplers Released . | . . . . . Fabnet Peak Effective % . | . . . . . Robots Rewired . | . . . . . Allies Hacked . | . . . . . Hacks Repelled . | . . . . . Allies | -11 -10 -10 -10 -9 -------- Run | Yrd Mat Min Exi Min Total Allies 1 | . . 1 . . Largest Group 1 | . . 1 1 . Highest-Rated Group 31 | . . 31 31 . Highest-Rated Ally 31 | . . 31 31 . Total Orders . | . . . . . Ally Attacks . | . . . . . Total Damage . | . . . . . Kills . | . . . . . Allies Corrupted . | . . . . . Allies Melted . | . . . . . Intel | -11 -10 -10 -10 -9 ------- Run | Yrd Mat Min Exi Min Active Infowar (turns) 1144 | 18 1126 . . . Sensors 39 | . 39 . . . Terrain 402 | 18 384 . . . Seismic 703 | . 703 . . . Robot Analysis Total . | . . . . . Derelict Logs Recovered 2 | . . 2 . . Drone Launches . | . . . . . Drone Recoveries . | . . . . . Exploration | -11 -10 -10 -10 -9 ------------- Run | Yrd Mat Min Exi Min Turns Passed 3529 | 96 1452 413 1153 415 Spaces Moved 2001 | 49 803 250 715 184 Core 9 | 7 . . . 2 Treads 1992 | 42 803 250 715 182 Legs . | . . . . . Wheels . | . . . . . Hover . | . . . . . Flight . | . . . . . Fastest Speed 50 | 50 160 160 160 160 Average Speed 159 | 144 160 160 160 163 Slowest Speed 500 | 160 160 160 160 500 Overloaded Moves . | . . . . . Propulsion Burnouts . | . . . . . Robots Hopped . | . . . . . Potential Cave-ins 9 | . . . . 9 Cave-ins Triggered 1 | . . . . 1 Exploration Rate (%) 53 | 4 93 46 90 32 Regions Visited 4 Branch Regions 3 Pre-discovered Areas 2 | . . 1 1 . Known Exits Taken 3 | . 1 1 1 . Unknown Exits Taken 1 | 1 . . . . Scrap Searched 2 | . . 1 . 1 Spaces Dug 11 | . . . . 11 Terrain Destroyed 59 | . 36 . . 23 Melee 11 | . . . . 11 Projectile . | . . . . . AOE 48 | . 36 . . 12 Terrain Rammed . | . . . . . Walls Destroyed . | . . . . . Machines Disabled . | . . . . . Actions | -11 -10 -10 -10 -9 --------- Run | Yrd Mat Min Exi Min Total 2238 | 66 920 263 721 268 Wait 85 | . 37 . . 48 Move 1996 | 48 802 249 714 183 Hop . | . . . . . Pick Up 29 | 8 15 5 . 1 Fast Attach 11 | 5 3 . 1 2 Attach 3 | 2 1 . . . Detach 1 | . . 1 . . Swap 29 | . 16 1 4 8 Drop 22 | . 16 3 . 3 Fire 38 | 3 25 . . 10 Melee 13 | . . . 2 11 Ram . | . . . . . Kick . | . . . . . Crush 10 | . 5 4 . 1 Escape Stasis 1 | . . . . 1 Rewire . | . . . . . Trap . | . . . . . Miscellaneous . | . . . . . Route ------- -11/Scrapyard -10/Materials (discovered 4 exits: [*Mat x3] / *Min) -10/Mines (discovered 2 exits: *Exi / *Sub) -10/Exiles (discovered 2 exits: *Min x2) -9/Mines History --------- Turn | Location | Event 7 | -11/Scrapyard | Discovered new exit (range 13) 97 | -11/Scrapyard | Entered Materials 305 | -10/Materials | Build established: Mutant 507 | -10/Materials | Discovered new exit (range 13) 683 | -10/Materials | Discovered new exit (range 8) 755 | -10/Materials | Repaired Lgt. Armor Plating 1039 | -10/Materials | Discovered new exit (range 6) 1377 | -10/Materials | Discovered new exit (range 13) 1547 | -10/Materials | Identified exit to Mines 1549 | -10/Materials | Entered Mines 1583 | -10/Mines | Learned location of Zion (-6) 1594 | -10/Mines | Discovered new exit (range 10) 1610 | -10/Mines | Identified exit to Subcaves 1641 | -10/Mines | Joined a pair of Derelicts in attacking an 0b10 outpost 1738 | -10/Mines | Received a Rocket Launcher from a helpful Derelict 1750 | -10/Mines | Learned location of 1 exit from Materials 1831 | -10/Mines | Received a Mining Laser from a helpful Derelict 1948 | -10/Mines | Deemed a non-threat by the Exiles lab entrance 1950 | -10/Mines | Discovered new exit (range 5) 1956 | -10/Mines | Identified exit to Exiles 1962 | -10/Mines | Entered Exiles 1962 | -10/Exiles | Accompanied by 1 ally 2018 | -10/Exiles | Met 8R-AWN 2081 | -10/Exiles | Met EX-HEX 2135 | -10/Exiles | Met EX-BIN 2157 | -10/Exiles | Aligned with FarCom system 2159 | -10/Exiles | Given EX-Vault access code 2199 | -10/Exiles | Opened EX-Vault 2207 | -10/Exiles | Found Longsword +1 2242 | -10/Exiles | Warned to stay clear of 0b10 Research branches 2293 | -10/Exiles | Met EX-DEC 2356 | -10/Exiles | Discovered new exit (range 12) 2535 | -10/Exiles | Identified exit to Mines 2657 | -10/Exiles | Visited The Gauntlet 2915 | -10/Exiles | Discovered exit to Mines (range 14) 3115 | -10/Exiles | Left Exiles lab with Longsword +1 3115 | -10/Exiles | Entered Mines 3502 | -9/Mines | Crushed by falling debris 3503 | -9/Mines | Core integrity fell below 50% 3503 | -9/Mines | System corruption reached 10% 3524 | -9/Mines | Core integrity fell below 20% 3530 | -9/Mines | Destroyed by G-34 Mercenary with Small Laser Last Messages --------------- 03415_ System corrupted: Heat flow error (+219). 03433_ System corrupted: Component data lost. 03460_ System corrupted: Matter fused (-10). 03481_ Dropped EM Shotgun. 03484_ Acquired Hvy. Hammer. 03494_ System corrupted: Matter fused (-10). 03502_ The unstable cave ceiling collapses. 03502_ Crushed by falling debris. 03502_ Signal Interpreter destroyed. 03502_ System corrupted by crushing effect (+5). 03502_ Imp. Treads destroyed. 03502_ System corrupted by crushing effect (+1). 03502_ Lgt. Treads destroyed. 03502_ System corrupted by crushing effect (+3). 03516_ G-47 Trooper destroyed. 03516_ Switching to secondary target: G-34 Mercenary. 03519_ C1%%SI:AI MH1 LEEOB XDEG%FHDMX CGX2R1 03519_ EM Shotgun destroyed. 03526_ Chain reaction triggered in Ion Engine. Map ----- +----------------------------------------------------+ | | | | | | | | | | | | | | | | | | | | | | | | | | | ?????????????????????????????????????????????????? | | ?????????????????????????????????????????????????? | | ?????????????????????????????????????????????????? | | ?????????????????????????????????????????????????? | | ???????????####??????????????????????????????????? | | ??????????## ########???????????????????????????? | | ??????????# #???????????????????????????? | | ?????????## #### #???????????????????????????? | | ??????#### #???# #####???????????????????????? | | ?????## #????# #?###???????????????????? | | ?????# ###### #####???????????????????? | | ?????# ##### # ##???????????????????? | | ?????## #?# #???#! @=##????????????????????? | | ??????### ##?# #???#[gg #?????s??s????????????? | | ????????## ##??# #???# *;;#????s????????????????? | | ?????????# ##???# ##### ##?????????????????????? | | ?????????# ###### #?????????????????????? | | ?????????# ##????????????????????? | | ?????????######## #### ##???????????????????? | | ????????????????# #??# ##??????????????????? | | ????????????????# #?## t #??????????????????? | | ??????????????### ### #??????????????????? | | ?????????????## ##??????????????????? | | ????????????## #???????????????????? | | ??########### #???????????????????? | | ?## ## ####### ## #???????????????????? | | ?# ########????##### ##???????????????????? | | ## ##?????????????? ##????????????????????? | | # #??????????????? #?????????????????????? | | ##??????????????? ????????????????????? | | ##???????????????? ???????????????????? | | #????????#????????## #####??????????????????? | | #???????? ?????????? #??????????????????????? | | ## ##?????? #?????????? ??????????????????????? | | ?## ##????? ##????????? ??????????????????????? | | ??# ##???# ##????????? ??????????????????????? | | ### ##?# #????????????????????????????????? | +----------------------------------------------------+ Best States ------------- Heat Dissipation 25 Energy Generation 10 Energy Capacity 250 Matter Stores 300 Matter Capacity 300 Sight Range 16 Robot Scan Range 14 Terrain Scan Range 16 Terrain Scan Density 10 Armor Coverage 150 Evasion (%) 40 Recoil Reduction 2 Item Schematics ----------------- None Robot Schematics ------------------ None Fabricated ------------ Nothing Repaired ---------- Lgt. Armor Plating | 87% | -10/Materials Studied --------- None Alien Tech Used ----------------- None Achievements -------------- None Challenges ------------ None Game ------ Seed PitchforkCooledJack Manual? 0 Play Time 00:33:38 Cumulative 40.2 hours Start 2026.07.29 @ 16:27:46 End 2026.07.29 @ 17:08:03 Sessions 1 Manual Loads 0 Difficulty Rogue Special Mode None Game No. 42 Rogue 42 Adventurer 0 Explorer 0 Win Type - Total 0 Types 0/0/0/0/0/0/0/0/0/0 Lore% 8 Gallery% 22 Achievement% 18 Wizard Run 0 Options --------- Layout 1 ASCII 0 Keyboard 0 Movement Mouse Keybinds 0 Fullscreen 2 Font 24/Smallcaps Map View 50x35 Zoom Use 0% Tactical HUD 1 Map Filters NONE Filters NONE Steam 1 RUN: 6fe5cc2e-9934-4870-bea1-987e1dd682ff